 Dungeon Crawl Stone Soup version 0.26.0-10-g1f06aea511 (webtiles) character file.

Game seed: 17775917276691800046

10339 Dracia the Fighter (level 11, -1/96 HPs)
             Began as a Demonspawn Gladiator on Jan 21, 2021.
             Was a High Priest of Makhleb.
             Slain by a nine-headed hydra (9 damage)
             ... on level 10 of the Dungeon.
             The game lasted 00:19:36 (12881 turns).

Dracia the Fighter (Demonspawn Gladiator)          Turns: 12881, Time: 00:19:36

Health: -1/96      AC: 22    Str: 19    XL:     11   Next: 34%
Magic:  17/17      EV:  7    Int: 15    God:    Makhleb [*****.]
Gold:   752        SH:  0    Dex: 14    Spells: 10/10 levels left

rFire    . . .     SeeInvis .     - Unarmed
rCold    . . .     Faith    .   (no shield)
rNeg     . . .     Spirit   .   j - +4 plate armour
rPois    .         Reflect  .   c - +1 helmet
rElec    .         Harm     .   G - +1 cloak
rCorr    +         Rampage  .   (no gloves)
Will     .....                  k - +0 pair of boots
Stlth    ..........             (no amulet)
HPRegen  0.26/turn              I - +6 ring of intelligence
MPRegen  0.15/turn              R - ring of resist corrosion

@: invisible
A: claws 1, rugged brown scales 2, demonic guardian 2
a: Renounce Religion, Minor Destruction, Lesser Servant of Makhleb, Major
Destruction, Greater Servant of Makhleb


You were on level 10 of the Dungeon.
You worshipped Makhleb.
Makhleb was extremely pleased with you.
You visited 1 branch of the dungeon, and saw 10 of its levels.
You also visited: Sewer.

You collected 752 gold pieces.


Innate Abilities, Weirdness & Mutations

You have sharp fingernails.
You are mostly covered in rugged brown scales. (AC +2, +5% HP)
A demonic guardian rushes to your aid.


   Skills:
 * Level 10.8 Fighting
 - Level 2.6 Staves
 - Level 1.7 Throwing
 - Level 3.1 Armour
 - Level 4.3 Dodging
 + Level 10.7 Unarmed Combat
 - Level 8.6 Invocations


You had 10 spell levels left.
You didn't know any spells.
Your spell library contained the following spells:

 Spells                   Type           Power        Failure   Level
 Animate Skeleton         Necr           0%           100%        1
 Apportation              Tloc           0%           100%        1
 Corona                   Hex            0%           100%        1
 Pain                     Necr           0%           100%        1
 Ensorcelled Hibernation  Hex/Ice        0%           100%        2
 Confusing Touch          Hex            0%           100%        3
 Dazzling Flash           Conj/Hex       0%           100%        3
 Lesser Beckoning         Tloc           0%           100%        3
 Tukima's Dance           Hex            0%           100%        3
 Vampiric Draining        Necr           0%           100%        3
 Animate Dead             Necr           0%           100%        4
 Agony                    Necr           0%           100%        5
 Alistair's Intoxication  Tmut/Pois      0%           100%        5
 Invisibility             Hex            0%           100%        6

Inventory:

Missiles
 d - 3 throwing nets {=f=f}
 u - 17 poisoned darts
Armour
 b - a +0 leather armour
 c - a +1 helmet (worn)
 j - a +4 plate armour (worn)
 k - a +0 pair of boots (worn)
 A - a +0 cloak
 G - a +1 cloak (worn)
Magical Staves
 z - an uncursed staff of poison {!a!a, unknown}
Jewellery
 E - an uncursed amulet of magic regeneration
 I - a +6 ring of intelligence (left claw)
 R - a ring of resist corrosion (right claw)
Wands
 q - a wand of enslavement (23)
 w - a wand of disintegration (8)
 C - a wand of flame (15)
Scrolls
 g - 3 scrolls of enchant weapon
 h - 14 scrolls of remove curse {@r2@r2}
 m - 3 scrolls of enchant armour
 v - a scroll of identify {@r1@r1}
 x - 3 scrolls of magic mapping
 y - 7 scrolls of teleportation {@r4@r4}
 B - 2 scrolls of blinking
 D - a scroll of amnesia
Potions
 a - 2 potions of magic
 e - a potion of lignification
 f - 4 potions of resistance
 i - 4 potions of flight
 l - 2 potions of brilliance
 n - 3 potions of heal wounds {@q2@q2}
 o - 4 potions of curing {@q1@q1}
 p - 2 potions of attraction
 r - 2 potions of mutation
 s - 3 potions of might
 t - a potion of haste {@q3@q3}

Dungeon Overview and Level Annotations

Branches:
Dungeon (10/15)            Temple (0/1) D:7            Lair (0/6) D:9
  Sewer (visited)
    Orc: D:9-12

Altars:
Ashenzari
Elyvilon
Gozag
Hepliaklqana
Kikubaaqudgha
Makhleb
Nemelex Xobeh
Okawaru
Qazlal
Ru
Sif Muna
Trog
Uskayaw
Vehumet
Wu Jian
Zin
The Shining One
Lugonu

Shops:
D:5 (

Annotations:
D:3 2 runed translucent doors, Sassenached's ghost, amateur DrWn
D:7 2 transporters, exclusion: statue
D:10 Vito's ghost, journeyman VSWn

....# ....# T..#
###..# ##♣♣.##.#
#...).#.#######.
♣.....'.........
P..)..W@....#
≈?....D3..<.#
#♣.$..#..†..#
#≈P♣##.##..# ##
#####†.# #..# .
#..#
..########..#
............#


You could see a nine-headed hydra, a troll, Vito's ghost and a friendly soul
eater (summoned).


Message History

* * * LOW HITPOINT WARNING * * *
Your soul eater hits the nine-headed hydra!
You claw the nine-headed hydra!
The nine-headed hydra is severely wounded.
The nine-headed hydra bites you!
* * * LOW HITPOINT WARNING * * *
The nine-headed hydra bites you but does no damage. x2
The nine-headed hydra bites you.
* * * LOW HITPOINT WARNING * * *
The nine-headed hydra bites you but does no damage.
The nine-headed hydra barely misses you.
The nine-headed hydra bites you but does no damage.
The nine-headed hydra bites you.
* * * LOW HITPOINT WARNING * * *
The nine-headed hydra bites you but does no damage.
Vito's ghost hits you but does no damage.
You writhe in agony.
* * * LOW HITPOINT WARNING * * *
Your soul eater hits the nine-headed hydra!
You fade into invisibility!
The nine-headed hydra completely misses you.
The nine-headed hydra bites you!
* * * LOW HITPOINT WARNING * * *
The nine-headed hydra bites you!
* * * LOW HITPOINT WARNING * * *
The nine-headed hydra closely misses you.
The nine-headed hydra bites you but does no damage. x2
The nine-headed hydra barely misses you.
The nine-headed hydra bites you!
You die...

Skill      XL: |  1  2  3  4  5  6  7  8  9 10 11 |
---------------+----------------------------------+-----
Dodging        | 3 4 |  4.3
Armour         | 1 2 3 |  3.1
Unarmed Combat | 2 3 5 7 9 10 | 10.7
Invocations    | 2 3 5 7 8 |  8.6
Fighting       | 6 9 10 | 10.8
Staves         | |  2.6
Throwing       | |  1.7

Action                   |  1- 3 |  4- 6 |  7- 9 | 10-12 || total
-------------------------+-------+-------+-------+-------++-------
Melee: Quarterstaff      |    96 |    44 |       |       ||   140
       Unarmed           |       |   274 |   385 |   286 ||   945
       Punch             |       |     2 |    16 |     9 ||    27
Invok: Minor Destruction |       |       |   127 |    77 ||   204
       Lesser Servant of |       |       |     1 |     1 ||     2
  Use: Scroll            |     3 |     7 |    11 |     3 ||    24
       Potion            |       |       |       |     1 ||     1
 Stab: Sleeping          |     1 |       |       |       ||     1
       Distracted        |       |       |       |     1 ||     1
Armor: Leather armour    |    38 |     1 |       |       ||    39
       Plate armour      |       |   284 |   289 |   265 ||   838
Dodge: Dodged            |    70 |   103 |   116 |   128 ||   417

Levels and vault maps discovered:
D:1:      sevenhm_arrival_forest_fort_small_6, layout_loops_corners
D:2:      layout_loops_ring, chequers_ecumenical_altar_simple,
          minmay_pentomino_p2
D:3:      layout_basic, lemuel_round_altar, nicolae_overflow_crystal_walls,
          ebering_ghost_disaster_area, nicolae_qazlal_general_emergency
D:4:      layout_cave_pools, nzn_hepliaklqana_mist_gate, serial_column_ruins,
          column_ruins_square_large, column_ruins_courtyard_long,
          column_ruins_corridor_corner, column_ruins_open_tiny,
          column_ruins_columns_straight, kennysheep_cluttered_room,
          kennysheep_generic_room_7
D:5:      layout_loops_ring, nemelex_xobeh_ov_fountains_minmay,
          cheibrodos_sewer_entry_sluice, serial_shops, nicolae_shop_waterfront,
          grunt_ministairs_6
D:6:      layout_layer_cave, grunt_temple_overflow_open, serial_glass,
          glass_columns_b, glass_columns_c, glass_columns_a, glass_columns_c,
          glass_columns_b, glass_columns_a, hex_medium, grunt_tough_drop
D:7:      gammafunk_corrupted_shrine, layout_basic, vehumet_statue,
          nicolae_tso_carved_into_rock, lemuel_doored_altar, tgw_trog,
          general_overflow_altar, minmay_temple_entry_sparse_star, serial_glass,
          glass_columns_c, glass_columns_a, grunt_decor_mini_mirrors, uniq_pikel
D:8:      nzn_winding_woodlands_medium [nzn_winding_woodlands_5x5_cross,
          nzn_winding_woodlands_5x15_lazy_stream,
          nzn_winding_woodlands_hourglass, nzn_winding_woodlands_5x5_open_star,
          nzn_winding_woodlands_center_garden,
          nzn_winding_woodlands_5x5_checkerboard,
          nzn_winding_woodlands_5x5_three, nzn_winding_woodlands_5x15_jagged,
          nzn_winding_woodlands_5x5_default], layout_rooms
D:9:      kennysheep_big_flooded_room, layout_stronghold, kennysheep_mini_moat,
          due_lair_maze_entry_diamond, kennysheep_okawaru_gauntlet, uniq_maurice
D:10:     minmay_s_stair_smasher, layout_irregular_city,
          gammafunk_ghost_hydra_chop

Notes
Turn   | Place    | Note
-------+----------+-------------------------------------------
     0 | D:1      | Dracia the Demonspawn Gladiator began the quest for the
                  | Orb.
     0 | D:1      | Reached XP level 1. HP: 16/16 MP: 1/1
   356 | D:1      | Reached skill level 3 in Dodging
   408 | D:1      | Gained mutation: You are partially covered in rugged brown
                  | scales. (AC +1, +3% HP) [demonic ancestry]
   408 | D:1      | Reached XP level 2. HP: 16/22 MP: 2/2
   409 | D:1      | Reached skill level 1 in Armour
  1169 | D:2      | Reached XP level 3. HP: 23/27 MP: 3/3
  1487 | D:2      | Found a faded altar of an unknown god.
  1609 | D:2      | Reached skill level 2 in Armour
  1897 | D:2      | Noticed a scorpion
  1904 | D:2      | Killed a scorpion
  1905 | D:2      | Gained mutation: You are mostly covered in rugged brown
                  | scales. (AC +2, +5% HP) [demonic ancestry]
  1905 | D:2      | Reached XP level 4. HP: 8/34 MP: 4/4
  1917 | D:2      | HP: 3/34 [poisoned by a scorpion]
  1925 | D:2      | HP: 2/34 [poisoned by a scorpion]
  2343 | D:2      | Reached skill level 4 in Dodging
  2841 | D:3      | Found a burning altar of Makhleb.
  2887 | D:3      | Reached skill level 3 in Armour
  2887 | D:3      | Gained mutation: You have sharp fingernails. [demonic
                  | ancestry]
  2887 | D:3      | Reached XP level 5. HP: 38/39 MP: 5/5
  2916 | D:3      | Became a worshipper of Makhleb the Destroyer
  3201 | D:3      | Reached skill level 1 in Unarmed Combat
  3201 | D:3      | Reached skill level 1 in Invocations
  3658 | D:3      | Found a hide-covered altar of Uskayaw.
  3766 | D:3      | Reached * piety under Makhleb
  3784 | D:3      | Found a large runed translucent door.
  3784 | D:3      | Found a large runed translucent door.
  3813 | D:3      | Found a stormy altar of Qazlal.
  3903 | D:3      | Noticed Sassenached's ghost (amateur DrWn)
  3992 | D:3      | Identified 2 potions of resistance
  4076 | D:4      | Found a hazy altar of Hepliaklqana.
  4144 | D:4      | Reached skill level 2 in Unarmed Combat
  4144 | D:4      | Reached skill level 2 in Invocations
  4144 | D:4      | Reached XP level 6. HP: 28/46 MP: 7/7
  4774 | D:4      | Reached skill level 3 in Unarmed Combat
  4862 | D:4      | Reached skill level 3 in Invocations
  5308 | D:5      | Entered Level 5 of the Dungeon
  5312 | D:5      | Noticed a sky beast
  5333 | D:5      | Killed a sky beast
  5334 | D:5      | Gained mutation: A weak demonic guardian rushes to your
                  | aid. [demonic ancestry]
  5334 | D:5      | Reached XP level 7. HP: 51/52 MP: 9/9
  5349 | D:5      | Reached skill level 4 in Unarmed Combat
  5349 | D:5      | Reached skill level 4 in Invocations
  5397 | D:5      | Reached ** piety under Makhleb
  5555 | D:5      | Found a glowing drain.
  5569 | D:5      | Reached skill level 5 in Unarmed Combat
  5579 | Sewer    | Entered a sewer
  5651 | Sewer    | Reached skill level 5 in Invocations
  5794 | Sewer    | Reached XP level 8. HP: 47/58 MP: 10/12
  6062 | Sewer    | Reached skill level 6 in Unarmed Combat
  6146 | Sewer    | Reached skill level 6 in Invocations
  6422 | D:5      | Found Iroim's Antique Weapon Shoppe.
  6431 | D:5      | Reached *** piety under Makhleb
  6539 | D:5      | Reached skill level 7 in Unarmed Combat
  6539 | D:5      | Reached skill level 7 in Invocations
  6880 | D:5      | Found a sparkling altar of Nemelex Xobeh.
  7491 | D:6      | Reached XP level 9. HP: 64/64 MP: 14/14
  7717 | D:6      | Reached skill level 8 in Invocations
  7780 | D:6      | Reached skill level 8 in Unarmed Combat
  8137 | D:6      | Found an ancient bone altar of Kikubaaqudgha.
  8139 | D:6      | Found an ornate altar of the Wu Jian Council.
  8140 | D:6      | Found a sacrificial altar of Ru.
  8140 | D:6      | Found a glowing silver altar of Zin.
  8141 | D:6      | Found a broken altar of Ashenzari.
  8637 | D:7      | Found a staircase to the Ecumenical Temple.
  8648 | D:7      | Noticed Pikel
  8656 | D:7      | HP: 1/64 [disintegration (29)]
  8657 | D:7      | Killed Pikel
  8658 | D:7      | Reached skill level 3 in Fighting
  8961 | D:7      | Found a white marble altar of Elyvilon.
  8997 | D:7      | Reached skill level 4 in Fighting
  9083 | D:7      | Found a radiant altar of Vehumet.
  9086 | D:7      | Reached **** piety under Makhleb
  9193 | D:7      | Found a transporter.
  9194 | D:7      | Found a corrupted altar of Lugonu.
  9194 | D:7      | Noticed a purple ugly thing
  9195 | D:7      | Noticed a red ugly thing
  9195 | D:7      | Noticed a red ugly thing
  9196 | D:7      | Found a transporter.
  9306 | D:7      | Found a glowing golden altar of the Shining One.
  9386 | D:7      | Noticed a moth of wrath
  9390 | D:7      | Found a bloodstained altar of Trog.
  9419 | D:7      | Noticed a brown ugly thing
  9740 | D:7      | Found a shimmering blue altar of Sif Muna.
 10016 | D:8      | Reached skill level 5 in Fighting
 10069 | D:8      | Noticed a two-headed ogre
 10095 | D:8      | Killed a two-headed ogre
 10096 | D:8      | Reached skill level 6 in Fighting
 10096 | D:8      | Reached skill level 9 in Unarmed Combat
 10346 | D:8      | Gained mutation: A demonic guardian rushes to your aid.
                  | [demonic ancestry]
 10346 | D:8      | Reached XP level 10. HP: 76/79 MP: 16/16
 10548 | D:8      | Reached skill level 7 in Fighting
 11038 | D:9      | Reached ***** piety under Makhleb
 11223 | D:9      | Noticed a two-headed ogre
 11230 | D:9      | Killed a two-headed ogre
 11249 | D:9      | Reached skill level 8 in Fighting
 11453 | D:9      | Found a staircase to the Lair.
 11512 | D:9      | Reached skill level 10 in Unarmed Combat
 11512 | D:9      | Noticed Maurice
 11516 | D:9      | Reached skill level 9 in Fighting
 11523 | D:9      | Killed Maurice
 11788 | D:9      | Found an opulent altar of Gozag.
 11904 | D:9      | Noticed a death knight
 11942 | D:9      | Killed a death knight
 11943 | D:9      | Reached XP level 11. HP: 27/94 MP: 17/17
 12351 | D:9      | Reached skill level 10 in Fighting
 12447 | D:9      | Found an iron altar of Okawaru.
 12620 | D:10     | Entered Level 10 of the Dungeon
 12678 | D:10     | Noticed a two-headed ogre
 12687 | D:10     | Killed a two-headed ogre
 12869 | D:10     | Found a runed translucent gate.
 12870 | D:10     | Found a runed translucent gate.
 12870 | D:10     | Found a runed translucent gate.
 12870 | D:10     | Noticed a nine-headed hydra
 12870 | D:10     | Noticed Vito's ghost (journeyman VSWn)
 12881 | D:10     | HP: 8/96 [nine-headed hydra (9)]
 12881 | D:10     | Slain by a nine-headed hydra

Vanquished Creatures
  2 two-headed ogres
  Pikel (D:7)
  A centaur skeleton (D:10)
  2 trolls
  A wyvern (D:10)
  3 yaks
  2 water moccasins (D:9)
  An ice beast (D:8)
  7 sky beasts
  4 orc warriors
  A phantom (D:8)
  3 black bears
  2 ogres
  2 centaurs (D:9)
  A necrophage (D:5)
  11 big kobolds
  4 bullfrogs
  2 scorpions
  5 killer bees
  6 wights
  2 howler monkeys (D:8)
  A bullfrog zombie (D:9)
  6 orc priests
  8 hounds
  4 jellies
  A gnoll shaman (D:8)
  10 orc wizards
  3 iguanas (D:8)
  6 worker ants
  A killer bee zombie (D:10)
  2 hound skeletons
  A worker ant zombie (D:6)
  4 gnolls
  A river rat (Sewer)
  17 adders
  2 shadow imps
  A white imp (D:8)
  2 ufetubi
  4 oozes
  An adder skeleton (D:4)
  2 adder zombies
  A dart slug (D:2)
  14 worms
  4 leopard geckos
  34 orcs
  A ball python (D:5)
  7 giant cockroaches
  12 goblins
  9 hobgoblins
  12 jackals
  8 quokkas
  11 bats
  2 frilled lizards
  A jackal zombie (D:6)
  10 kobolds
  A leopard gecko skeleton (D:4)
  A leopard gecko zombie (D:6)
  A quokka skeleton (D:5)
  8 rats
277 creatures vanquished.

Vanquished Creatures (collateral kills)
  A death knight (D:9)
  A two-headed ogre (D:10)
  Maurice (D:9)
  A komodo dragon (D:9)
  A troll (D:9)
  4 yaks (D:9)
  A water moccasin (D:9)
  A necrophage (D:5)
  2 ogres
  A centaur (D:8)
  A water moccasin zombie (D:9)
  A scorpion (D:9)
  6 killer bees (D:9)
  An ufetubus (D:9)
  An ooze (Sewer)
  2 worms
  An orc (D:8)
  A jackal (D:10)
  2 kobolds (D:9)
  A rat (Sewer)
31 creatures vanquished.

Vanquished Creatures (others)
  42 fungi (D:9)
  48 plants
90 creatures vanquished.

Grand Total: 398 creatures vanquished

Table legend: (Time is in decaauts)
 A = Elapsed time spent in this place.
 B = Non-inter-level travel time spent in this place.
 C = Inter-level travel time spent in this place.
 D = Time resting spent in this place.
 E = Time spent auto-exploring this place.
 F = Levels seen in this place.
 G = Mean time per level.
                   A        B        C        D        E       F      G
               +--------+--------+--------+--------+--------+-----+--------+
         Total |  12938 |  12687 |    251 |   1956 |   8388 |  11 | 1176.2 |
       Dungeon |  11991 |  11740 |    251 |   1956 |   7677 |  10 | 1199.1 |
         Sewer |    946 |    946 |      0 |      0 |    711 |   1 |  946.0 |
               +--------+--------+--------+--------+--------+-----+--------+

Top non-repeatable levels by time:
     D:9: 1709 daAuts
     D:2: 1637 daAuts
     D:3: 1527 daAuts
     D:6: 1357 daAuts
     D:7: 1319 daAuts
     D:1: 1169 daAuts
     D:5: 1061 daAuts
     D:4: 990 daAuts
     D:8: 965 daAuts
   Sewer: 946 daAuts
    D:10: 253 daAuts

Table legend:
 A = Non-vault XP
 B = Vault XP
 C = Vault XP percentage of total XP
 D = Non-vault monster count
 E = Vault monster count
 F = Vault count percentage of total count
                 A         B        C        D         E       F
            +---------+---------+-------+---------+---------+-------
      Total |    8631 |    6140 |  41.6 |     226 |      82 |  26.6
            +---------+---------+-------+---------+---------+-------
        D:1 |      28 |       0 |   0.0 |      14 |       0 |   0.0
        D:2 |     132 |       4 |   2.9 |      19 |       1 |   5.0
        D:3 |     242 |       0 |   0.0 |      34 |       0 |   0.0
        D:4 |     277 |       0 |   0.0 |      16 |       0 |   0.0
        D:5 |     848 |     121 |  12.5 |      24 |       5 |  17.2
        D:6 |     781 |     143 |  15.5 |      25 |       2 |   7.4
        D:7 |     129 |     587 |  82.0 |       5 |       6 |  54.5
        D:8 |    1854 |     545 |  22.7 |      32 |      14 |  30.4
        D:9 |    3505 |    2358 |  40.2 |      45 |      14 |  23.7
       D:10 |     835 |    1518 |  64.5 |      12 |      12 |  50.0
      Sewer |       0 |     864 | 100.0 |       0 |      28 | 100.0
            +---------+---------+-------+---------+---------+-------
